 Dungeon Crawl Stone Soup version 0.24.0-1-gfbc8707122 (webtiles) character file.

Game seed: 12302817498752017979, levelgen mode: deterministic

212 Esekla the Skirmisher (level 5, -2/67 HPs)
             Began as a Draconian Enchanter on Oct 27, 2019.
             Was a Follower of Vehumet.
             Slain by a worker ant (3 damage)
             ... on level 3 of the Dungeon.
             The game lasted 00:29:28 (2990 turns).

Esekla the Skirmisher (Draconian Enchanter)         Turns: 2990, Time: 00:29:29

Health: -2/67      AC: 22    Str: 10    XL:     5   Next: 58%
Magic:  0/8        EV:  2    Int: 16    God:    Vehumet [*.....]
Gold:   104        SH:  0    Dex: 12    Spells: 1/8 levels left

rFire    . . .     SeeInvis .   x - +2 dagger (holy)
rCold    + . .     Gourm    .   (no shield)
rNeg     + + +     Faith    .   (armour unavailable)
rPois    +         Spirit   .   (helmet currently unavailable)
rElec    .         Reflect  .   (cloak currently unavailable)
rCorr    .         Harm     .   (gloves currently unavailable)
MR       .....     NoTele   +   (boots currently unavailable)
Stlth    ++........             (no amulet)
HPRegen  0.21/turn              w - ring of protection from cold
MPRegen  0.11/turn              (no ring)

@: lethally poisoned (-2 -> -11), tree-form, very slightly contaminated, hasted,
very quick
A: unfitting armour, AC +5
a: Renounce Religion


You were on level 3 of the Dungeon.
You worshipped Vehumet.
Vehumet was aware of your devotion.
You were hungry.
You were a tree.
You visited 1 branch of the dungeon, and saw 4 of its levels.

You collected 104 gold pieces.

Inventory:

Hand Weapons
 a - a +1 dagger
 r - a +3 whip
 x - a +2 dagger of holy wrath (weapon)
Missiles
 j - 2 boomerangs (quivered)
 o - 3 poisoned darts
Armour
 k - a +0 pair of gloves (melded)
Jewellery
 w - a ring of protection from cold (left branch)
Wands
 e - a wand of digging (3)
 A - a wand of iceblast (3)
Scrolls
 b - 6 scrolls of remove curse {unknown}
 d - 2 scrolls of identify {unknown}
 i - 3 scrolls of fog {unknown}
 l - a scroll of blinking {unknown}
 n - a scroll of enchant armour {unknown}
 p - a scroll of immolation {unknown}
 s - a scroll of enchant weapon {unknown}
 u - a scroll of fear {unknown}
 v - a scroll of amnesia {unknown}
 y - a scroll of teleportation {unknown}
Potions
 f - a potion of lignification
 g - a potion of haste
 h - a potion of ambrosia {unknown}
 m - 2 potions of degeneration {unknown}
 q - a potion of brilliance {unknown}
 t - a potion of heal wounds {unknown}
Comestibles
 c - 8 rations
 z - 3 chunks of flesh


   Skills:
 * Level 3.1 Fighting
 + Level 2.8 Short Blades
 + Level 2.6 Dodging
 - Level 2.6 Stealth
 + Level 2.4 Spellcasting
 * Level 1.7 Conjurations
 + Level 2.8 Hexes


You had one spell level left.
You knew the following spells:

 Your Spells              Type           Power        Failure   Level  Hunger
a - Corona                Hex            ##.....      6%          1    #......
b - Tukima's Dance        Hex            ##......     19%         3    ###....
d - Dazzling Spray        Conj/Hex       #.....       22%         3    ###....

Your spell library contained the following spells:

 Spells                   Type           Power        Failure   Level  Hunger
 Shock                    Conj/Air       #...         14%         1    #......
 Ensorcelled Hibernation  Hex/Ice        #.....       17%         2    ###....
 Confuse                  Hex            ##......     19%         3    ###....


Dungeon Overview and Level Annotations

Branches:
Dungeon (4/15)
 Temple: D:4-7

Altars:
Uskayaw
Vehumet

Annotations:
D:3 Grinder


Innate Abilities, Weirdness & Mutations

((Your plain brown scales are hard. (AC +5)))
You cannot fit into any form of body armour.
((You are cold-blooded and may be slowed by cold attacks.))


Message History

Unknown command.
You hit the worker ant but do no damage.
The worker ant is severely wounded.
* * * LOW HITPOINT WARNING * * *
You feel sick.
The worker ant bites you but does no damage.
The worker ant bites you.
* * * LOW HITPOINT WARNING * * *
You are more poisoned.
The worker ant poisons you!
It was a potion of lignification.
You turn into a tree.
Your +0 pair of gloves melds into your body.
Your roots penetrate the ground.
* * * LOW HITPOINT WARNING * * *
You feel sick. The worker ant bites you.
* * * LOW HITPOINT WARNING * * *
It was a potion of haste.
You feel yourself speed up.
* * * LOW HITPOINT WARNING * * *
You feel sick. The worker ant bites you.
You die...

#### #......)#.#.#.#.#.##. ...#
#......#(#.#)#)#.#.#. .#.#
#......[#.#.#(#.#.#.# .#.#
#......#.#.#.#.#.#... .#.#
#.#..##.#.#.#.#.#.#.# .#.#
#.#..###.#.#.#.#.#..# .#.#
#.##.##.#.#.#.#.#.#.# .#.#
#.##a#######.#......#
.#.##########.##♣#######.#......#
<........................###'#.##
.#.########.############## #.#.#
...# #.# #.#.# .### #.#
#######.#.## .# #.# #.).....#...
.# #.# #.########## .# #.# #.# .#
#.# #.#


You could see a worker ant.

Vanquished Creatures
  An orc priest (D:4)
  2 gnolls (D:3)
  7 adders
  An ooze (D:2)
  2 worms (D:3)
  3 dart slugs
  5 leopard geckos
  11 orcs
  A ball python (D:2)
  5 bats
  6 giant cockroaches
  7 hobgoblins
  3 jackals (D:2)
  2 quokkas (D:3)
  2 frilled lizards
  8 kobolds
  6 rats
72 creatures vanquished.

Notes
Turn   | Place    | Note
-------+----------+-------------------------------------------
     0 | D:1      | Esekla the Draconian Enchanter began the quest for the Orb.
     0 | D:1      | Reached XP level 1. HP: 14/14 MP: 3/3
   241 | D:1      | Reached skill level 1 in Fighting
   279 | D:2      | Reached XP level 2. HP: 15/23 MP: 5/5
   313 | D:2      | Found a hide-covered altar of Uskayaw.
   513 | D:2      | Reached XP level 3. HP: 22/29 MP: 6/6
   518 | D:2      | Learned a level 3 spell: Dazzling Spray
   582 | D:1      | You fall into a shaft and drop 1 floor!
   891 | D:2      | Found a radiant altar of Vehumet.
   917 | D:2      | Became a worshipper of Vehumet
   927 | D:2      | Reached skill level 2 in Fighting
  1621 | D:3      | Reached XP level 4. HP: 35/36 MP: 7/7
  1626 | D:3      | Learned a level 3 spell: Tukima's Dance
  1867 | D:3      | Reached skill level 1 in Conjurations
  1897 | D:3      | Reached * piety under Vehumet
  1897 | D:3      | Offered knowledge of Shock by Vehumet.
  2371 | D:3      | Reached XP level 5. HP: 31/44 MP: 4/8
  2450 | D:2      | Reached skill level 3 in Fighting
  2645 | D:3      | Noticed Grinder
  2988 | D:3      | HP: 2/45 [worker ant (4)]
  2990 | D:3      | Slain by a worker ant

Levels and vault maps discovered:
D:1:      dpeg_arrival_orchard, layout_loops_corners
D:2:      layout_basic, old_standard_altar, eat_drink_and_be_merry_uskayaw
D:3:      layout_basic, first_ration, minivault_23, uniq_grinder
D:4:      layout_cave_pools

Skill      XL: |  1  2  3  4  5 |
---------------+----------------+-----
Fighting       | 1 2 3 |  3.1
Dodging        | 2 |  2.6
Short Blades   | 2 |  2.8
Conjurations   | 1 |  1.7
Stealth        | |  2.6
Spellcasting   | |  2.4
Hexes          | |  2.8

Action                   |  1- 3 |  4- 6 || total
-------------------------+-------+-------++-------
Melee: Dagger            |   136 |   210 ||   346
       Tailslap          |    11 |    14 ||    25
Throw: Boomerang         |       |     2 ||     2
 Cast: Dazzling Spray    |     3 |    17 ||    20
       Corona            |       |     1 ||     1
  Use: Potion            |       |     2 ||     2
 Stab: Sleeping          |     2 |     2 ||     4
       Distracted        |     1 |     1 ||     2
       Invisible         |       |     7 ||     7
  Eat: Chunk             |     2 |     8 ||    10
Armor: Skin              |    33 |    52 ||    85
Dodge: Dodged            |    82 |   114 ||   196
